 Dungeon Sprint DCSS version 0.21.0-22-g11d5b52 (webtiles) character file.

38 sanboga the Chopper (level 3, 0/57 HPs)
             Began as a Hill Orc Monk on Jan 18, 2018.
             Was an Elder of Trog.
             Slain by a gnoll
             ... wielding a +0 club
              (9 damage)
             ... in the Dungeon (Sprint VII: "The Pits").
             The game lasted 00:01:00 (241 turns).

sanboga the Chopper (Hill Orc Monk)                  Turns: 241, Time: 00:01:00

Health: 0/57       AC:  2    Str: 19    XL:     3   Next: 43%
Magic:  3/3        EV: 13    Int: 10    God:    Trog [****..]
Gold:   0          SH:  0    Dex: 13    Spells: 2/2 levels left

rFire    . . .     SeeInvis .   j - +2 hand axe
rCold    . . .     Gourm    .   (no shield)
rNeg     . . .     Faith    .   b - +0 robe
rPois    .         Spirit   .   (no helmet)
rElec    .         Reflect  .   (no cloak)
rCorr    .         Harm     .   (no gloves)
MR       .....     NoTele   +   (no boots)
Stlth    ..........             (no amulet)
HPRegen  0.19/turn              (no ring)
MPRegen  0.08/turn              (no ring)

@: berserking, very quick
A: no striking features
a: Berserk, Trog's Hand, Brothers in Arms, Burn Spellbooks, Renounce Religion


You were in the Dungeon.
You worshipped Trog.
Trog was greatly pleased with you.
You were not hungry.

You visited 1 branch

Inventory:

Hand Weapons
 j - a +2 hand axe (weapon)
Armour
 b - a +0 robe (worn)
Scrolls
 i - a scroll of blinking
 k - 3 scrolls of remove curse
 l - a scroll of summoning
Potions
 a - 2 potions of invisibility
 d - a potion of curing
 e - a potion of heal wounds
 f - a potion of haste
 g - 4 potions of magic
 h - 3 potions of berserk rage
Comestibles
 c - 9 rations


   Skills:
 + Level 6.6 Fighting
 + Level 7.2 Axes
 - Level 2.4 Dodging
 - Level 1.5 Stealth


You had 2 spell levels left.
You didn't know any spells.

Dungeon Overview and Level Annotations

Branches:
Dungeon (1/1)

Altars:
Ashenzari
Cheibriados
Dithmenos
Elyvilon
Fedhas
Gozag
Hepliaklqana
Kikubaaqudgha
Makhleb
Nemelex Xobeh
Okawaru
Qazlal
Ru
Sif Muna
Trog
Uskayaw
Vehumet
Wu Jian
Xom
Yredelemnul
Zin
The Shining One
Beogh
Jiyva
Lugonu


Message History

The gnoll sergeant hits you from afar with a trident.
You slash the gnoll!
You kill the gnoll!
Trog accepts your kill.
Your Axes skill increases to level 7!
You barely miss the orc. The gnoll closely misses you.
You see here a spear.
You slash the gnoll sergeant!
The gnoll sergeant is heavily wounded.
You barely miss the gnoll. You hit the orc. The gnoll closely misses you.
The orc closely misses you.
The gnoll sergeant hits you with a trident!
* * * LOW HITPOINT WARNING * * *
You slash the gnoll sergeant!
The gnoll sergeant is severely wounded.
You closely miss the gnoll. You slash the gnoll! You hit the orc.
You kill the orc!
Trog accepts your kill.
You can now call in reinforcements.
The gnoll hits you with a club!
You die...

##########.##..........
#.........†.'..........
#+#####'#####......#..#
#..#))# #..........
#..(..# ####'#####+
#..#### #.......#
#..#g.# #.......#
#..#gg# #.......#
##'#@g#+###...<...#
#...)....##.......#
#........##.......#
###########.......#
#########


You could see a gnoll sergeant and 3 gnolls.

Vanquished Creatures
  2 gnolls (D)
  An adder (D)
  An orc (D)
  A giant cockroach (D)
  A goblin (D)
  A hobgoblin (D)
  A ball python (D)
  A bat (D)
  A kobold (D)
10 creatures vanquished.

Notes
Turn   | Place    | Note
-------+----------+-------------------------------------------
     0 | D        | sanboga the Hill Orc Monk began the quest for the Orb.
     0 | D        | Reached XP level 1. HP: 19/19 MP: 1/1
    21 | D        | Reached skill level 5 in Fighting
    21 | D        | Reached skill level 5 in Axes
    21 | D        | Reached XP level 2. HP: 18/29 MP: 2/2
   138 | D        | Found a bloodstained altar of Trog.
   138 | D        | Found a deep blue altar of Sif Muna.
   138 | D        | Found a viscous altar of Jiyva.
   138 | D        | Found a hazy altar of Hepliaklqana.
   138 | D        | Found an opulent altar of Gozag.
   139 | D        | Found a glowing golden altar of the Shining One.
   139 | D        | Found a glowing silver altar of Zin.
   139 | D        | Found a basalt altar of Yredelemnul.
   139 | D        | Found a shimmering altar of Xom.
   139 | D        | Found an ornate altar of the Wu Jian Council.
   139 | D        | Found a sacrificial altar of Ru.
   139 | D        | Found a stormy altar of Qazlal.
   139 | D        | Found an iron altar of Okawaru.
   139 | D        | Found a sparkling altar of Nemelex Xobeh.
   139 | D        | Found a burning altar of Makhleb.
   139 | D        | Found a blossoming altar of Fedhas.
   139 | D        | Found a white marble altar of Elyvilon.
   139 | D        | Found a shadowy altar of Dithmenos.
   139 | D        | Found a snail-covered altar of Cheibriados.
   141 | D        | Found a radiant altar of Vehumet.
   141 | D        | Found a corrupted altar of Lugonu.
   141 | D        | Found a roughly hewn altar of Beogh.
   142 | D        | Found a hide-covered altar of Uskayaw.
   142 | D        | Found an ancient bone altar of Kikubaaqudgha.
   142 | D        | Found a shattered altar of Ashenzari.
   147 | D        | Became a worshipper of Trog the Wrathful
   147 | D        | Reached * piety under Trog
   147 | D        | Reached ** piety under Trog
   221 | D        | Reached skill level 6 in Axes
   227 | D        | Reached *** piety under Trog
   233 | D        | Noticed a gnoll sergeant
   237 | D        | Reached XP level 3. HP: 29/37 MP: 3/3
   238 | D        | Reached skill level 7 in Axes
   241 | D        | Reached **** piety under Trog
   241 | D        | Slain by a gnoll

Skill      XL: |  1  2  3 |
---------------+----------+-----
Fighting       | 5 6 |  6.6
Axes           | 5 6 7 |  7.2
Dodging        | |  2.4
Stealth        | |  1.5

Action                   || total
-------------------------++-------
Melee: Hand axe          ||    28
Invok: Berserk           ||     1
 Stab: Sleeping          ||     1
Armor: Robe              ||     9
Dodge: Dodged            ||    28
